 Dungeon Crawl Stone Soup version 0.31-a0-1172-g9944ec47dd (webtiles) character file.

Game seed: 8934400643429286459

247 ketsa the Cutter (level 6, -1/33 HPs)
             Began as a Vine Stalker Fighter on Dec 10, 2023.
             Slain by an ogre
             ... wielding a +0 giant club
              (18 damage)
             ... on level 4 of the Dungeon.
             The game lasted 00:08:20 (2779 turns).

ketsa the Cutter (Vine Stalker Fighter)             Turns: 2779, Time: 00:08:21

Health: -1/33      AC: 10    Str: 19    XL:     6   Next: 11%
Magic:  0/7        EV:  9    Int:  8    God:
Gold:   248        SH:  5    Dex: 15    Spells: 5/5 levels left

rFire   . . .        a - +0 rapier
rCold   . . .        c - +0 buckler
rNeg    . . .        t - +2 scale mail {Will+}
rPois   .            o - +0 helmet
rElec   .            A - +0 cloak
rCorr   .            (no gloves)
SInv    .            (no boots)
Will    +....        (no amulet) Stlth
                     (no ring)
HPRegen 1.05/turn    (no ring)
MPRegen 0.10/turn

%: guardian spirit
@: no status effects
A: fangs 2, regeneration 1, magic shield, antimagic bite, no potion heal 2
a: no special abilities


You were on level 4 of the Dungeon.
You visited 1 branch of the dungeon, and saw 4 of its levels.

You collected 248 gold pieces.

Inventory:

Hand Weapons
 a - a +0 rapier (weapon)
Missiles
 B - 2 poisoned darts
Armour
 b - a +0 scale mail
 c - a +0 buckler (worn)
 o - a +0 helmet (worn)
 p - a +0 scale mail
 t - a +2 scale mail of willpower (worn)
 A - a +0 cloak (worn)
Jewellery
 k - a ring of ice
Talismans
 D - a serpent talisman
Wands
 x - a wand of quicksilver (11)
 y - a wand of flame (24)
 F - a wand of mindburst (13)
Scrolls
 e - 3 scrolls of amnesia {unknown}
 f - a scroll of blinking {unknown}
 i - 2 scrolls of vulnerability {unknown}
 j - a scroll of fear {unknown}
 l - 3 scrolls of teleportation {unknown}
 n - 4 scrolls of identify {unknown}
 q - a scroll of noise {unknown}
 u - 2 scrolls of revelation {unknown}
 w - a scroll of torment {unknown}
 E - a scroll of fog {unknown}
Potions
 d - a potion of might
 g - 3 potions of heal wounds {unknown}
 h - 2 potions of lignification {unknown}
 m - a potion of degeneration {unknown}
 r - a potion of enlightenment {unknown}
 s - 2 potions of brilliance {unknown}
 v - a potion of haste {unknown}
 z - a potion of ambrosia {unknown}
 C - a potion of curing {unknown}


   Skills:
 + Level 4.1 Fighting
 * Level 4.7 Short Blades
 - Level 2.4 Armour
 - Level 2.6 Shields


You had 5 spell levels left.
You didn't know any spells.
Your spell library contained the following spells:

 Spells                   Type           Power      Damage    Failure   Level
 Apportation              Tloc           0%         N/A       86%         1
 Magic Dart               Conj           0%         1d3       86%         1
 Necrotise                Necr           0%         1d4       86%         1
 Shock                    Conj/Air       0%         1d3       86%         1
 Summon Small Mammal      Summ           0%         N/A       86%         1
 Call Imp                 Summ           0%         N/A       94%         2
 Mephitic Cloud           Conj/Pois/Air  0%         N/A       99%         3
 Swiftness                Air            0%         N/A       99%         3
 Airstrike                Air            0%         2d(0-16)  100%        4


Dungeon Overview and Level Annotations

Branches:
Dungeon (4/15)
 Temple: D:4-7

Altars:
Fedhas
Uskayaw

Shops:
D:2 ?

Annotations:
D:3 1 runed translucent door, Crazy Yiuf


Innate Abilities, Weirdness & Mutations

You have extremely sharp teeth.
Your natural rate of healing is unusually fast.
When hurt, damage is shared between your health and your magic reserves.
Your bite disrupts and absorbs the magic of your enemies.
Potions cannot restore your health.


Message History

E - a scroll labelled VUOSHAXEDI;
F - a wand of mindburst (13)
A hobgoblin comes into view.
The hobgoblin shouts!
The hobgoblin hits you.
You hit the hobgoblin but do no damage. You block the hobgoblin's attack.
You barely miss the hobgoblin. The hobgoblin barely misses you.
You hit the hobgoblin.
You kill the hobgoblin!
Found a scroll labelled XIP VIJOHYFAM.
The ogre shouts!
The ogre barely misses you.
You hit the ogre but do no damage. Your bite misses the ogre.
You block the ogre's attack.
You hit the ogre.
The ogre is lightly wounded.
A hobgoblin comes into view.
The hobgoblin shouts!
You hit the ogre.
The ogre is moderately wounded.
The ogre hits you with a +0 giant club.
You hit the ogre but do no damage.
The ogre is moderately wounded.
You hit the ogre.
The ogre is moderately wounded.
The ogre barely misses you.
You hit the ogre. You bite the ogre. You drain its power.
The ogre is heavily wounded.
The ogre closely misses you.
You hit the ogre.
The ogre is severely wounded.
You barely miss the ogre.
The ogre is severely wounded.
The ogre hits you with a +0 giant club!!
Ouch! That really hurt!
You hit the ogre. Your bite misses the ogre.
The ogre is almost dead.
You block the hobgoblin's attack.
The ogre hits you with a +0 giant club!!
Ouch! That really hurt!
You die...

.#.#.#### #.
....J.....# # # #.
..#####O#.# #. #.#.
#.#...#.#.# ..#?#.
#.#.((#.#.## #....####
#.#####.....
##......#.#.........#
#.#....Og.#.#..._....#
#......@...........#.#
######.#..#........#.#
#.#..# ########.#
#.#..# #.### #.#..#
### #.... #.#..###.##
#O.## #.......#.# #..#
###..###.## #..#
#...##.######..#


You could see an ogre and a hobgoblin.

Vanquished Creatures
  An iguana (D:4)
  Terence (D:3)
  Robin (D:1)
  6 adders
  6 gnolls
  A worm (D:2)
  7 bats
  4 endoplasms
  A giant cockroach (D:2)
  12 goblins
  9 hobgoblins
  3 jackals (D:1)
  3 quokkas
  4 ball pythons
  A frilled lizard (D:2)
  5 kobolds
  8 rats
73 creatures vanquished.

Notes
Turn   | Place    | Note
-------+----------+-------------------------------------------
     0 | D:1      | ketsa the Vine Stalker Fighter began the quest for the Orb.
     0 | D:1      | Reached XP level 1. HP: 11/11 MP: 2/2
    50 | D:1      | Reached XP level 2. HP: 16/16 MP: 3/3
   479 | D:2      | Reached XP level 3. HP: 20/20 MP: 4/4
   531 | D:2      | Noticed Robin
   585 | D:1      | Killed Robin
   756 | D:2      | Reached XP level 4. HP: 24/24 MP: 3/5
  1248 | D:2      | Found Uraissod's Magic Scroll Emporium.
  1387 | D:3      | Reached XP level 5. HP: 28/28 MP: 6/6
  1517 | D:3      | Found a blossoming altar of Fedhas.
  1702 | D:3      | Found a runed translucent door.
  1703 | D:3      | Noticed Crazy Yiuf
  1723 | D:3      | Noticed Terence
  1756 | D:3      | Killed Terence
  2380 | D:4      | Noticed a +0 hand axe
  2380 | D:4      | Noticed a +0 dagger
  2381 | D:4      | Found a hide-covered altar of Uskayaw.
  2382 | D:4      | Noticed an ogre
  2459 | D:4      | Reached XP level 6. HP: 24/33 MP: 5/7
  2779 | D:4      | Slain by an ogre

Illustrated notes

Levels and vault maps discovered:
D:1:      shiori_arrival_oz, layout_rooms
D:2:      layout_loops_ring, serial_shops, shop, uniq_robin
D:3:      layout_loops_corners, fedhas_ov_isle_minmay, uniq_crazy_yiuf_cottage,
          uniq_terence
D:4:      layout_loops_ring, kennysheep_mini_moat, dancing_weapons_uskayaw,
          gammafunk_ghost_stat_death, uniq_natasha

Skill      XL: |  1  2  3  4  5 |
---------------+----------------+-----
Short Blades   | 2 3 4 |  4.7
Fighting       | 3 4 |  4.1
Armour         | |  2.4
Shields        | |  2.6

Action                     |  1- 3 |  4- 6 || total
---------------------------+-------+-------++-------
  Melee: Rapier            |    78 |   184 ||   262
         Bite              |    12 |    48 ||    60
 Armour: Scale mail        |    49 |   106 ||   155
  Dodge: Dodged            |    38 |    54 ||    92
  Block: Buckler           |    19 |    38 ||    57

Table legend: (Time is in decaauts)
 A = Elapsed time spent in this place.
 B = Non-inter-level travel time spent in this place.
 C = Inter-level travel time spent in this place.
 D = Time resting spent in this place.
 E = Time spent auto-exploring this place.
 F = Levels seen in this place.
 G = Mean time per level.
                   A        B        C        D        E       F      G
               +--------+--------+--------+--------+--------+-----+--------+
         Total |   2795 |   2672 |    123 |    204 |   1526 |   4 |  698.8 |
       Dungeon |   2795 |   2672 |    123 |    204 |   1526 |   4 |  698.8 |
               +--------+--------+--------+--------+--------+-----+--------+

Top non-repeatable levels by time:
     D:3: 1049 daAuts
     D:2: 836 daAuts
     D:1: 527 daAuts
     D:4: 382 daAuts
